 Dungeon Crawl Stone Soup version 0.31-a0-1074-g0b22e4e0f1 (webtiles) character file.

Game seed: 10376371812117539683

28 Jeffwins the Changeling (level 3, -3/18 HPs)
             Began as a Vine Stalker Shapeshifter on Nov 27, 2023.
             Slain by Sigmund
             ... wielding a +5 vampiric scythe
              (5 damage)
             ... on level 2 of the Dungeon.
             The game lasted 00:01:24 (779 turns).

Jeffwins the Changeling (Vine Stalker Shapeshifter)  Turns: 779, Time: 00:01:24

Health: -3/18      AC:  2    Str: 16    XL:     3   Next: 12%
Magic:  0/4        EV: 12    Int: 12    God:
Gold:   50         SH:  0    Dex: 19    Spells: 2/2 levels left

rFire   . .          .
                       - Unarmed
rCold   . . .        (no shield)
rNeg    . . .        a - +0 animal skin
rPois   .            (helmet currently unavailable)
rElec   .            (cloak currently unavailable)
rCorr   .            (gloves currently unavailable)
SInv    .            (boots currently unavailable)
Will    .....        (no amulet)
Stlth   ++           X - +6 ring of dexterity
HPRegen 1.03/turn    (no ring)
MPRegen 0.09/turn

%: guardian spirit
@: beast-form
A: beast (slay +1), fangs 2, regeneration 1, magic shield, antimagic bite, no
potion heal 2
a: Begin Untransformation


You were on level 2 of the Dungeon.
You were a hulking beast.
You visited 1 branch of the dungeon, and saw 2 of its levels.

You collected 50 gold pieces.


Innate Abilities, Weirdness & Mutations

You are a hulking beast.
Your limbs bulge with bestial killing power. (Slay +1)
You have extremely sharp teeth.
Your natural rate of healing is unusually fast.
When hurt, damage is shared between your health and your magic reserves.
Your bite disrupts and absorbs the magic of your enemies.
Potions cannot restore your health.


   Skills:
 + Level 1.3 Fighting
 * Level 1.3 Ranged Weapons
 - Level 1.5 Dodging
 + Level 1.3 Stealth
 - Level 3.0 Unarmed Combat
 + Level 3.2 Shapeshifting


You had 2 spell levels left.
You didn't know any spells.
Your spell library contained the following spells:

 Spells                   Type           Power      Damage    Failure   Level
 Dazzling Flash           Conj/Hex       0%         N/A       69%         3
 Agony                    Necr           0%         N/A       100%        5
 Silence                  Hex/Air        0%         N/A       100%        5

Inventory:

Armour
 a - a +0 animal skin (worn)
Jewellery
 X - a +6 ring of dexterity (left hand)
Talismans
 c - a beast talisman
 d - a flux talisman
Scrolls
 b - a scroll of fog {unknown}
 e - a scroll of revelation {unknown}
 f - a scroll of noise {unknown}
 i - a scroll of brand weapon {unknown}
Potions
 g - a potion of curing {@q1}
 h - a potion of mutation {unknown}

Dungeon Overview and Level Annotations

Branches:
Dungeon (2/15)

Altars:

Annotations:
D:2 Sigmund

### ..# ..# ..##
...##.. ▒▒▒ .......
#.# ...###. #h#
..## ###{#######
.## ##.....{...# .#
#........#.# ##
#..#.###.#.# # #
#..#.###.#.#.# # ##
##......#.#.#.#..#.
.+
'...!..............
##
#.........#.####.#.


There were no monsters in sight!


Message History

* * * LOW HITPOINT WARNING * * *
Something hits you!
* * * LOW HITPOINT WARNING * * *
It was a potion of curing.
That felt strangely inert.
The kobold hits you but does no damage.
You closely miss the kobold. The kobold hits you but does no damage.
You hit the kobold but do no damage. Your bite misses the kobold.
Something hits you. The kobold hits you but does no damage.
You hit the kobold.
You kill the kobold!
You hear some strange, mumbled words.
A puff of flame appears from out of thin air!
The puff of flame hits you!
* * * LOW HITPOINT WARNING * * *
Things that are here:
a +0 short sword; a kobold corpse You closely miss something.
Something hits you!
* * * LOW HITPOINT WARNING * * *
You closely miss something. You bite something. You drain its magic.
You feel invigorated. Something hits you.
* * * LOW HITPOINT WARNING * * *
You barely miss something. You closely miss something. Something hits you.
* * * LOW HITPOINT WARNING * * *
You hit something. You bite something. You drain its magic.
You feel invigorated.
You closely miss something. Something hits you.
* * * LOW HITPOINT WARNING * * *
You miss something. Something hits you!
You die...

Skill      XL: |  1  2 |
---------------+-------+-----
Fighting       | 1 |  1.3
Ranged Weapons | 1 |  1.3
Stealth        | 1 |  1.3
Dodging        | |  1.5
Unarmed Combat | |  3.0
Shapeshifting  | |  3.2

Action                     || total
---------------------------++-------
  Melee: Unarmed           ||    47
         Bite              ||    10
         Punch             ||     1
    Use: Potion            ||     2
   Stab: Sleeping          ||     1
 Armour: Animal skin       ||    29
         Skin              ||     2
  Dodge: Dodged            ||    16

Levels and vault maps discovered:
D:1:      dpeg_arrival_more_subterranean_lakeside_camping, layout_basic
D:2:      layout_loops_corners, serial_undead, serial_undead_c, serial_undead_e,
          serial_undead_a, serial_undead_f, serial_undead_c, serial_undead_e,
          serial_undead_b, kennysheep_generic_room_7, uniq_jessica, uniq_sigmund

Notes
Turn   | Place    | Note
-------+----------+-------------------------------------------
     0 | D:1      | Jeffwins the Vine Stalker Shapeshifter began the quest for
                  | the Orb.
     0 | D:1      | Reached XP level 1. HP: 9/9 MP: 2/2
    64 | D:1      | Reached skill level 1 in Fighting
   114 | D:1      | Reached XP level 2. HP: 11/14 MP: 1/3
   215 | D:1      | Reached skill level 1 in Ranged Weapons
   215 | D:1      | Reached skill level 1 in Stealth
   689 | D:2      | Reached XP level 3. HP: 18/18 MP: 4/4
   706 | D:2      | Noticed Sigmund
   776 | D:2      | HP: 1/18 [something (2)]
   779 | D:2      | Slain by Sigmund

Vanquished Creatures
  A dart slug (D:1)
  A bat (D:2)
  An endoplasm (D:1)
  3 giant cockroaches (D:1)
  2 hobgoblins (D:1)
  4 quokkas
  4 ball pythons (D:1)
  A frilled lizard (D:2)
  4 kobolds
  2 rats
23 creatures vanquished.

Table legend: (Time is in decaauts)
 A = Elapsed time spent in this place.
 B = Non-inter-level travel time spent in this place.
 C = Inter-level travel time spent in this place.
 D = Time resting spent in this place.
 E = Time spent auto-exploring this place.
 F = Levels seen in this place.
 G = Mean time per level.
                   A        B        C        D        E       F      G
               +--------+--------+--------+--------+--------+-----+--------+
         Total |    775 |    767 |      8 |    113 |    457 |   2 |  387.5 |
       Dungeon |    775 |    767 |      8 |    113 |    457 |   2 |  387.5 |
               +--------+--------+--------+--------+--------+-----+--------+

Top non-repeatable levels by time:
     D:1: 641 daAuts
     D:2: 133 daAuts

Table legend:
 A = Non-vault XP
 B = Vault XP
 C = Vault XP percentage of total XP
 D = Non-vault monster count
 E = Vault monster count
 F = Vault count percentage of total count
                 A         B        C        D         E       F
            +---------+---------+-------+---------+---------+-------
      Total |      40 |       0 |   0.0 |      23 |       0 |   0.0
            +---------+---------+-------+---------+---------+-------
        D:1 |      33 |       0 |   0.0 |      18 |       0 |   0.0
        D:2 |       7 |       0 |   0.0 |       5 |       0 |   0.0
            +---------+---------+-------+---------+---------+-------
